 Dungeon Crawl Stone Soup version 0.31-a0-876-gfe8ebadbca (webtiles) character file.

Game seed: 851750581663575348

133 Xavori the Trooper (level 5, -4/45 HPs)
             Began as a Djinni Chaos Knight on Oct 13, 2023.
             Was a Plaything of Xom.
             Killed from afar by a rime drake (shapeshifter) (27 damage)
             ... with an icy flash freeze
             ... on level 1 of the Dungeon.
             The game lasted 00:01:04 (737 turns).

Xavori the Trooper (Djinni Chaos Knight)             Turns: 737, Time: 00:01:05

Health: -4/45      AC:  5    Str: 11    XL:     5   Next: 40%
Gold:   50         EV: 14    Int: 13    God:    Xom [..*...] SH:  0 Dex: 15

rFire   + + .        a - +0 falchion (chaos)
rCold   x . .        (no shield)
rNeg    . . .        b - +2 leather armour
rPois   ∞            (no helmet)
rElec   .            (no cloak)
rCorr   .            (no gloves)
SInv    .            (boots unavailable)
Will    .....        (no amulet)
Stlth   ++           (no ring)
HPRegen 0.27/turn    (no ring)
MPRegen 0.00/turn

%: infuse magic (-5 HP)
@: flying
A: sickness immunity, fire resistance 2, cold vulnerability 1, float, innate
caster, HP casting, extra vitality 1
a: Renounce Religion


You were on level 1 of the Dungeon.
You worshipped Xom.
You were a toy of Xom.
You visited 1 branch of the dungeon, and saw 1 of its levels.

You collected 50 gold pieces.

Inventory:

Hand Weapons
 a - a +0 falchion of chaos (weapon)
Armour
 b - a +2 leather armour (worn)
Talismans
 h - a flux talisman
Scrolls
 c - a scroll of butterflies
Potions
 d - a potion of invisibility {unknown}
 f - a potion of curing {unknown}


   Skills:
 + Level 5.9 Fighting
 + Level 5.4 Long Blades
 + Level 4.9 Armour
 + Level 5.8 Dodging
 + Level 4.2 Stealth
 * Level 3.6 Spellcasting
 * Level 3.6 Conjurations
 * Level 3.6 Hexes
 * Level 3.6 Summonings
 * Level 3.6 Necromancy
 * Level 3.6 Translocations
 * Level 3.6 Transmutations
 * Level 3.6 Fire Magic
 * Level 3.6 Ice Magic
 * Level 3.6 Air Magic
 * Level 3.6 Earth Magic
 * Level 3.6 Poison Magic
 * Level 5.6 Shapeshifting


You knew the following spells:

 Your Spells              Type           Power      Damage    Failure   Level
a - Foxfire               Conj/Fire      44%        2x1d6     6%          1
b - Lesser Beckoning      Tloc           22%        N/A       10%         2
Your spell library was empty.

Dungeon Overview and Level Annotations

Branches:
Dungeon (1/15)

Altars:


Innate Abilities, Weirdness & Mutations

You are immune to sickness and miasma.
You are immune to poison.
Your flesh is very heat resistant. (rF++)
You are vulnerable to cold. (rC-)
You float through the air rather than walking.
You learn spells naturally, not from books.
Your magical power is your life essence.
You have superior vitality. (+4 MHP)


Message History

Xom thinks this is hilarious!
You have reached level 4!
You feel agile. The rime drake breathes ice at you.
The icy flash freeze hits you!!
You feel a painful chill!
Ouch! That really hurt!
You are encased in ice.
You hear a bark!
You feel more experienced!
Your Long Blades skill increases to level 5!
Your Armour skill increases to level 4!
Your Dodging skill increases to level 5!
Your Stealth skill increases to level 4!
Your Spellcasting skill increases to level 3!
Your Conjurations skill increases to level 3!
Your Hexes skill increases to level 3!
Your Summonings skill increases to level 3!
Your Necromancy skill increases to level 3!
Your Translocations skill increases to level 3!
Your Transmutations skill increases to level 3!
Your Fire Magic skill increases to level 3!
Your Ice Magic skill increases to level 3!
Your Air Magic skill increases to level 3!
Your Earth Magic skill increases to level 3!
Your Poison Magic skill increases to level 3!
Your Shapeshifting skill increases to level 5!
You have reached level 5!
The power to cast Lesser Beckoning wells up from within.
Spell assigned to 'b'.
The rime drake misses you. x2
Blink to where?
Press: ? - help, Dir - move target
As you read the scroll labelled MEFFENA JEIRYH, it crumbles to dust.
It was a scroll of blinking.
The ice encasing you melts away.
Okay, then.
The rime drake breathes ice at you. The icy flash freeze hits you!!
You feel a painful chill!
Ouch! That really hurt!
You die...
Xom guffaws!

#.### #..##.###...###.#...#.
#.# #..#...##.#....<....#. #.#
#......#..#...#.###... #.#
##.....########..#..## #.#
#....†.#......#..#.##. #.#
##.....#.##.#....#....
#.##########....#..#.##.###.###
#.........###...##.#..#...#.#..
#########(# ##@##..##.###.#...#
#.# #.#####...######## ##.##
#.# #...# #...###.#####.###
#.#...........#
#...###.########## #####
#.k....k...# ##########§# #.#


You could see a rime drake shaped shifter (catching breath).

Vanquished Creatures
  A ball python (D:1)
  2 endoplasms (D:1)
  A giant cockroach (D:1)
  2 hobgoblins (D:1)
  8 jackals (D:1)
  4 quokkas (D:1)
  2 bats (D:1)
  A goblin (D:1)
  6 rats (D:1)
27 creatures vanquished.

Notes
Turn   | Place    | Note
-------+----------+-------------------------------------------
     0 | D:1      | Xavori the Djinni Chaos Knight began the quest for the Orb.
     0 | D:1      | Reached XP level 1. HP: 20/20 MP: 0/0
   121 | D:1      | Reached XP level 2. HP: 25/25 MP: 0/0
   276 | D:1      | XOM: silly message
   346 | D:1      | XOM: divination: detect creatures
   353 | D:1      | Reached XP level 3. HP: 30/30 MP: 0/0
   353 | D:1      | Learned a level 1 spell: Foxfire
   381 | D:1      | XOM: potion effect (berserk rage)
   724 | D:1      | a jackal changed into a shapeshifter
   724 | D:1      | Noticed a shapeshifter (shapeshifter)
   724 | D:1      | a shapeshifter changed into a rime drake
   724 | D:1      | Noticed a rime drake (shapeshifter)
   727 | D:1      | XOM: silly message
   728 | D:1      | Reached skill level 5 in Fighting
   728 | D:1      | Reached XP level 4. HP: 39/39 MP: 0/0
   729 | D:1      | Reached skill level 5 in Long Blades
   729 | D:1      | Reached skill level 5 in Dodging
   729 | D:1      | Reached skill level 5 in Shapeshifting
   729 | D:1      | Reached XP level 5. HP: 21/45 MP: 0/0
   729 | D:1      | Learned a level 2 spell: Lesser Beckoning
   737 | D:1      | Killed from afar by a rime drake (shapeshifter)

Illustrated notes

Levels and vault maps discovered:
D:1:      psy_arrival_radial01, layout_loops_ring

Skill      XL: |  1  2  3  4 |
---------------+-------------+-----
Long Blades    | 3 4 5 |  5.4
Fighting       | 5 |  5.9
Armour         | 3 4 |  4.9
Dodging        | 4 5 |  5.8
Stealth        | 3 4 |  4.2
Spellcasting   | 2 3 |  3.6
Conjurations   | 2 3 |  3.6
Hexes          | 2 3 |  3.6
Summonings     | 2 3 |  3.6
Necromancy     | 2 3 |  3.6
Translocations | 2 3 |  3.6
Transmutations | 2 3 |  3.6
Fire Magic     | 2 3 |  3.6
Ice Magic      | 2 3 |  3.6
Air Magic      | 2 3 |  3.6
Earth Magic    | 2 3 |  3.6
Poison Magic   | 2 3 |  3.6
Shapeshifting  | 4 5 |  5.6

Action                     |  1- 3 |  4- 6 || total
---------------------------+-------+-------++-------
  Melee: Falchion          |    99 |       ||    99
         Punch             |     2 |       ||     2
    Use: Potion            |     1 |     1 ||     2
         Scroll            |       |     1 ||     1
   Stab: Confused          |     1 |       ||     1
 Armour: Leather armour    |    47 |     2 ||    49
  Dodge: Dodged            |    71 |     2 ||    73

Table legend: (Time is in decaauts)
 A = Elapsed time spent in this place.
 B = Non-inter-level travel time spent in this place.
 C = Inter-level travel time spent in this place.
 D = Time resting spent in this place.
 E = Time spent auto-exploring this place.
 F = Levels seen in this place.
 G = Mean time per level.
                   A        B        C        D        E       F      G
               +--------+--------+--------+--------+--------+-----+--------+
         Total |    763 |    747 |     16 |     64 |    489 |   1 |  763.0 |
       Dungeon |    763 |    747 |     16 |     64 |    489 |   1 |  763.0 |
               +--------+--------+--------+--------+--------+-----+--------+

Top non-repeatable levels by time:
     D:1: 763 daAuts
